 Dungeon Crawl Stone Soup version 0.30-a0-170-g85af917532 (webtiles) character file.

Game seed: 17538003053554401723

54 inmateoo the Trooper (level 3, -14/33 HPs)
             Began as a Minotaur Monk on Sept 30, 2022.
             Demolished by a gnoll
             ... wielding a +0 halberd
              (15 damage)
             ... on level 2 of the Dungeon.
             The game lasted 00:01:12 (1501 turns).

inmateoo the Trooper (Minotaur Monk)                Turns: 1501, Time: 00:01:12

Health: -14/33     AC:  2    Str: 17    XL:     3   Next: 66%
Magic:  2/2        EV: 13    Int:  7    God:
Gold:   44         SH:  0    Dex: 12    Spells: 2/2 levels left

rFire   + . .      SeeInvis .      - Unarmed
rCold   . . .      Faith    .    (no shield)
rNeg    . . .      Spirit   .    a - +0 robe
rPois   .          Reflect  .    (helmet restricted)
rElec   .          Harm     .    (no cloak)
rCorr   .          Rampage  .    (no gloves)
Will    .....                    (no boots)
Stlth   ++........               (no amulet)
HPRegen 0.11/turn                h - ring of protection from fire
MPRegen 0.08/turn                (no ring)

@: no status effects
A: horns 2, retaliatory headbutt
a: no special abilities


You were on level 2 of the Dungeon.
You visited 1 branch of the dungeon, and saw 2 of its levels.

You collected 44 gold pieces.

Inventory:

Armour
 a - a +0 robe (worn)
Jewellery
 h - a ring of protection from fire (left hand)
 i - a ring of protection from fire
Scrolls
 c - a scroll of magic mapping {unknown}
 e - a scroll of acquirement {unknown}
 f - a scroll of brand weapon {unknown}
 g - a scroll of noise {unknown}
 j - a scroll of vulnerability {unknown}
Potions
 b - a potion of ambrosia
 d - a potion of brilliance {unknown}


   Skills:
 + Level 4.0 Fighting
 + Level 1.4 Armour
 + Level 3.7 Dodging
 + Level 2.0 Stealth
 * Level 4.0 Unarmed Combat


You had 2 spell levels left.
You didn't know any spells.
Your spell library contained the following spells:

 Spells                   Type           Power      Damage    Failure   Level
 Summon Small Mammal      Summ           0%         N/A       43%         1
 Call Canine Familiar     Summ           0%         N/A       80%         3
 Summon Guardian Golem    Hex/Summ       0%         N/A       80%         3


Dungeon Overview and Level Annotations

Branches:
Dungeon (2/15)

Altars:
Dithmenos


Innate Abilities, Weirdness & Mutations

You have a pair of horns on your head.
You reflexively headbutt those who attack you in melee.


Message History

You hit the goblin.
You kill the goblin!
No target in view!
Things that are here:
a +0 club; a +0 sling You start resting.
HP restored.
There is a stone staircase leading down, spattered with blood here.
Things that are here:
a +0 whip; a +0 halberd; a gnoll skeleton
There is a stone staircase leading down, spattered with blood here.
Things that are here:
a +0 club; a +0 sling
There is a stone staircase leading down, spattered with blood here.
You climb downwards.
There is a stone staircase leading up, spattered with blood here.
You see here a ball python skeleton.
The gnoll misses you. The gnoll hits you with a +0 halberd!
There is a stone staircase leading down, spattered with blood here.
You hit the gnoll.
You headbutt the gnoll, but do no damage.
The gnoll is moderately wounded.
The gnoll closely misses you.
You punch the gnoll!
The gnoll is almost dead.
The gnoll closely misses you. You furiously retaliate!
You headbutt the gnoll, but do no damage.
You closely miss the gnoll.
The gnoll is almost dead.
The gnoll hits you with a +0 halberd!
You barely miss the gnoll.
The gnoll is almost dead.
The gnoll hits you with a +0 halberd!
* * * LOW HITPOINT WARNING * * *
You are too injured to fight recklessly!
You hit the gnoll but do no damage.
The gnoll is almost dead.
The gnoll hits you with a +0 halberd!
You die...

######### .......<# ...
#######รท# .... #.# ...
#.# ... #@# #.#
#####g##########.#
#........gg..$##.####>
............gS..........
###.###.#######.##......
.. ...# #..S...### #.
................#.# .
....######.....g.#.#
.... .............


You could see a gnoll.

Vanquished Creatures
  2 gnolls (D:1)
  2 dart slugs (D:1)
  3 ball pythons
  2 bats
  3 endoplasms (D:1)
  A giant cockroach (D:1)
  A hobgoblin (D:1)
  4 jackals (D:1)
  5 quokkas (D:1)
  A frilled lizard (D:1)
  A goblin (D:1)
  3 kobolds (D:1)
28 creatures vanquished.

Notes
Turn   | Place    | Note
-------+----------+-------------------------------------------
     0 | D:1      | inmateoo the Minotaur Monk began the quest for the Orb.
     0 | D:1      | Reached XP level 1. HP: 19/19 MP: 0/0
   259 | D:1      | Reached XP level 2. HP: 24/27 MP: 1/1
   525 | D:1      | Reached skill level 1 in Armour
   721 | D:1      | Reached XP level 3. HP: 31/33 MP: 2/2
  1000 | D:2      | Found a shadowy altar of Dithmenos.
  1500 | D:2      | HP: 1/33 [gnoll/+0 halberd (10)]
  1501 | D:2      | Demolished by a gnoll

Illustrated notes

Levels and vault maps discovered:
D:1:      mushboom_english_gardens, layout_loops_ring
D:2:      layout_loops_ring, basic_altar, chequers_ecumenical_altar_island

Skill      XL: |  1  2  3 |
---------------+----------+-----
Armour         | 1 |  1.4
Fighting       | 4 |  4.0
Stealth        | 2 |  2.0
Unarmed Combat | 4 |  4.0
Dodging        | |  3.7

Action                   || total
-------------------------++-------
Melee: Unarmed           ||   100
       Headbutt          ||    11
       Punch             ||     1
Armor: Robe              ||    20
Dodge: Dodged            ||    92

Table legend: (Time is in decaauts)
 A = Elapsed time spent in this place.
 B = Non-inter-level travel time spent in this place.
 C = Inter-level travel time spent in this place.
 D = Time resting spent in this place.
 E = Time spent auto-exploring this place.
 F = Levels seen in this place.
 G = Mean time per level.
                   A        B        C        D        E       F      G
               +--------+--------+--------+--------+--------+-----+--------+
         Total |   1497 |   1474 |     23 |    757 |    467 |   2 |  748.5 |
       Dungeon |   1497 |   1474 |     23 |    757 |    467 |   2 |  748.5 |
               +--------+--------+--------+--------+--------+-----+--------+

Top non-repeatable levels by time:
     D:1: 1431 daAuts
     D:2: 66 daAuts
